 Dungeon Crawl Stone Soup version 0.30-a0-313-gae38170b09 (webtiles) character file.

Game seed: 18389329330361791165

332 koil the Shooter (level 6, -5/32 HPs)
             Began as a Spriggan Hunter on Oct 26, 2022.
             Was an Initiate of Kikubaaqudgha.
             Killed by divine providence
             ... invoked by an orc priest
              (15 damage)
             ... on level 3 of the Dungeon.
             The game lasted 00:07:37 (2232 turns).

koil the Shooter (Spriggan Hunter)                  Turns: 2232, Time: 00:07:41

Health: -5/32      AC:  2    Str:  7    XL:     6   Next: 26%
Magic:  10/11      EV: 19    Int: 11    God:    Kikubaaqudgha [......]
Gold:   118        SH:  0    Dex: 20    Spells: 11/11 levels left

rFire   . . .      SeeInvis +    a - +0 shortbow
rCold   . . .      Faith    .    (shield currently unavailable)
rNeg    . . .      Spirit   .    c - +0 robe
rPois   .          Reflect  .    (helmet restricted)
rElec   .          Harm     .    (no cloak)
rCorr   .          Rampage  .    (gloves unavailable)
Will    +....                    (boots unavailable)
Stlth   +++.......               (no amulet)
HPRegen 0.25/turn                (no ring)
MPRegen 0.12/turn                (no ring)

@: very quick
A: very small, no large weapons, unfitting armour, see invisible, speed 3
a: Renounce Religion


You were on level 3 of the Dungeon.
You worshipped Kikubaaqudgha.
Kikubaaqudgha was noncommittal.
You visited 1 branch of the dungeon, and saw 3 of its levels.

You collected 118 gold pieces.

Inventory:

Hand Weapons
 a - a +0 shortbow (weapon)
Missiles
 f - 3 atropa-tipped darts
Armour
 c - a +0 robe (worn)
Scrolls
 b - 2 scrolls of immolation
 j - 3 scrolls of identify {unknown}
 k - 2 scrolls of blinking {unknown}
 l - a scroll of enchant weapon {unknown}
 n - a scroll of summoning {unknown}
 o - 2 scrolls of brand weapon {unknown}
 p - a scroll of teleportation {unknown}
 q - a scroll of magic mapping {unknown}
 r - a scroll of fear {unknown}
Potions
 d - a potion of berserk rage {unknown}
 e - a potion of heal wounds {unknown}
 g - a potion of brilliance
 h - 3 potions of curing {unknown}
 i - a potion of degeneration {unknown}
 m - a potion of magic {unknown}


   Skills:
 + Level 2.6 Fighting
 + Level 4.8 Ranged Weapons
 + Level 4.4 Dodging
 + Level 4.3 Stealth
 + Level 3.0 Spellcasting
 + Level 1.3 Necromancy


You had 11 spell levels left.
You didn't know any spells.
Your spell library contained the following spells:

 Spells                   Type           Power      Damage    Failure   Level
 Stone Arrow              Conj/Erth      2%         3d7       61%         3
 Animate Armour           Summ/Erth      2%         N/A       95%         4
 Lehudib's Crystal Spear  Conj/Erth      0%         10d2      100%        8


Dungeon Overview and Level Annotations

Branches:
Dungeon (3/15)

Altars:
Kikubaaqudgha
Sif Muna


Innate Abilities, Weirdness & Mutations

You are very small and have problems with some larger weapons.
You are too small for most types of armour.
You have supernaturally acute eyesight. (SInv)
You cover ground extremely quickly. (Speed+++)


Message History

Sigmund is almost dead.
Sigmund closely misses you.
You shoot an arrow. The arrow barely misses Sigmund.
The arrow barely misses the orc priest.
Sigmund misses you.
You shoot an arrow. The arrow hits Sigmund.
You kill Sigmund!
Kikubaaqudgha accepts your kill.
The orc priest casts a cantrip, but nothing happens.
Your Stealth skill increases to level 4!
Your Spellcasting skill increases to level 3!
Your Necromancy skill increases to level 1!
You have reached level 6!
You shoot an arrow. The arrow hits the goblin.
The goblin is heavily wounded.
The goblin completely misses you.
You shoot an arrow. The arrow hits the goblin.
You kill the goblin!
Kikubaaqudgha accepts your kill.
You shoot an arrow.
The arrow closely misses the orc priest.
The orc priest hits you with a +0 club.
You shoot an arrow.
The arrow hits the orc priest but does no damage.
The orc priest misses you. x2
You shoot an arrow.
The arrow completely misses the orc priest.
The orc priest misses you.
You shoot an arrow. The arrow barely misses the orc priest.
The orc priest closely misses you.
You shoot an arrow. The arrow hits the orc priest!
The orc priest is severely wounded.
The orc priest completely misses you.
You shoot an arrow. The arrow hits the orc priest.
The orc priest is almost dead.
The orc priest invokes the aid of Beogh against you.
Beogh smites you!
The orc priest mumbles some strange prayers to Beogh against you.
Beogh smites you!
You die...
Kikubaaqudgha rasps: "You have failed me!
Welcome... death!"

.. #.... #.g..@.#
.. ##.# ##.###.##
.# .. ##..# #.# #.#
#. #.)## #.# ##.. .
####.## #.. #.. ##.
#....#####.. #.#
#.. #...........#
########.##
#.####...........#
#.........#
#.#@o).)........
#.........#
#...###.........
#.........# #..##
#..)......
#.........###..#
#.........
#.†.......##...#
#.........
#<†...<........#
.......
#.........#)...#
######.
############.......
########


You could see an orc priest.

Vanquished Creatures
  Sigmund (D:3)
  A hound (D:3)
  Terence (D:2)
  An orc wizard (D:3)
  2 adders
  2 worms
  3 dart slugs
  7 orcs (D:3)
  9 bats
  4 endoplasms
  A giant cockroach (D:3)
  10 goblins
  7 hobgoblins
  3 jackals (D:1)
  6 kobolds
  3 quokkas
  A ball python (D:3)
  2 frilled lizards (D:1)
  3 rats
67 creatures vanquished.

Notes
Turn   | Place    | Note
-------+----------+-------------------------------------------
     0 | D:1      | koil the Spriggan Hunter began the quest for the Orb.
     0 | D:1      | Reached XP level 1. HP: 10/10 MP: 2/2
   102 | D:1      | Reached XP level 2. HP: 15/15 MP: 2/4
   246 | D:1      | Reached skill level 1 in Spellcasting
   471 | D:1      | Reached XP level 3. HP: 18/18 MP: 5/5
  1125 | D:2      | Noticed Terence
  1168 | D:2      | Killed Terence
  1169 | D:2      | Reached XP level 4. HP: 22/23 MP: 7/7
  1423 | D:2      | Found a shimmering blue altar of Sif Muna.
  1720 | D:3      | Noticed Sigmund
  1729 | D:3      | HP: 1/23 [orc wizard/magic dart (3)]
  1878 | D:3      | Found an ancient bone altar of Kikubaaqudgha.
  1883 | D:3      | Became a worshipper of Kikubaaqudgha
  2114 | D:3      | Reached XP level 5. HP: 8/26 MP: 9/9
  2224 | D:3      | Killed Sigmund
  2225 | D:3      | Reached skill level 1 in Necromancy
  2225 | D:3      | Reached XP level 6. HP: 19/32 MP: 9/11
  2232 | D:3      | Killed from afar by an orc priest

Illustrated notes

Levels and vault maps discovered:
D:1:      shiori_arrival_oz, layout_loops_ring, palyth_stone_intersect,
          chequers_garden
D:2:      layout_loops_corners, basic_altar, chequers_arboretum,
          ebering_dispersal_statue_hall, uniq_terence
D:3:      layout_rooms, mainiacjoe_overflow_24_doors,
          shapermc_ecumenical_altar_flowoftime, uniq_sigmund

Skill      XL: |  1  2  3  4  5 |
---------------+----------------+-----
Stealth        | 2 3 4 |  4.3
Dodging        | 3 4 |  4.4
Spellcasting   | 1 2 3 |  3.0
Fighting       | 2 |  2.6
Necromancy     | 1 |  1.3
Ranged Weapons | |  4.8

Action                   |  1- 3 |  4- 6 || total
-------------------------+-------+-------++-------
Melee: Shortbow          |       |     2 ||     2
 Fire: Shortbow          |   101 |   110 ||   211
Throw: Dart              |       |     9 ||     9
Armor: Robe              |     3 |     6 ||     9
Dodge: Dodged            |    29 |    80 ||   109

Table legend: (Time is in decaauts)
 A = Elapsed time spent in this place.
 B = Non-inter-level travel time spent in this place.
 C = Inter-level travel time spent in this place.
 D = Time resting spent in this place.
 E = Time spent auto-exploring this place.
 F = Levels seen in this place.
 G = Mean time per level.
                   A        B        C        D        E       F      G
               +--------+--------+--------+--------+--------+-----+--------+
         Total |   1604 |   1546 |     58 |    156 |    962 |   3 |  534.7 |
       Dungeon |   1604 |   1546 |     58 |    156 |    962 |   3 |  534.7 |
               +--------+--------+--------+--------+--------+-----+--------+

Top non-repeatable levels by time:
     D:2: 651 daAuts
     D:1: 557 daAuts
     D:3: 394 daAuts
